 Dungeon Crawl Stone Soup version 0.28.0-45-g0d030f2227 (webtiles) character file.

Game seed: 1555478338901430377

2471 nickcage the Carver (level 9, -7/61 HPs)
             Began as a Demonspawn Gladiator on Apr 14, 2022.
             Was a Follower of Wu Jian.
             Mangled by a five-headed hydra (9 damage)
             ... on level 6 of the Dungeon.
             The game lasted 00:21:34 (6179 turns).

nickcage the Carver (Demonspawn Gladiator)          Turns: 6179, Time: 00:21:34

Health: -7/61      AC: 24    Str: 19    XL:     9   Next: 26%
Magic:  9/9        EV:  6    Int:  9    God:    Wu Jian [*.....]
Gold:   194        SH:  4    Dex: 21    Spells: 8/8 levels left

rFire   . . .      SeeInvis +   F - +7 mace of the Vulture {spect, SInv}
rCold   . . .      Faith    .   (no shield)
rNeg    . . .      Spirit   .   C - +0 plate armour
rPois   .          Reflect  .   c - +0 helmet
rElec   .          Harm     .   j - +0 cloak
rCorr   .          Rampage  .   A - +0 pair of gloves
Will    .....                   k - +0 pair of boots
Stlth   ..........              (no amulet)
HPRegen 0.20/turn               g - ring of flight
MPRegen 0.11/turn               h - +6 ring of dexterity

@: flying
A: hooves 1, yellow scales 1, icemail 2, condensation shield
a: Renounce Religion


You were on level 6 of the Dungeon.
You worshipped Wu Jian.
Wu Jian was aware of your devotion.
You visited 1 branch of the dungeon, and saw 6 of its levels.

You collected 476 gold pieces.
You spent 282 gold pieces at shops.

Inventory:

Hand Weapons
 a - a +1 vorpal long sword
 F - the +7 mace of the Vulture (weapon) {spect, SInv}
   (You bought it in a shop on level 2 of the Dungeon)

   When its wielder attacks, the weapon's spirit leaps out and strikes again.
   The spirit shares a part of any damage it takes with its wielder.
   SInv:      It lets you see invisible.
Missiles
 d - 3 throwing nets
 q - 12 poisoned darts (quivered)
Armour
 b - a +0 leather armour
 c - a +0 helmet (worn)
 i - a +0 cloak
 j - a +0 cloak (worn)
 k - a +0 pair of boots (worn)
 w - an orb of guile
 x - a +0 chain mail
 y - a +1 troll leather armour
 A - a +0 pair of gloves (worn)
 C - a +0 plate armour (worn)
Jewellery
 g - a ring of flight (left hand)
 h - a +6 ring of dexterity (right hand)
 m - a +4 ring of protection
 p - an amulet of magic regeneration
 r - a ring of positive energy
Wands
 t - a wand of iceblast (13)
Scrolls
 f - a scroll of teleportation
 l - 3 scrolls of identify
 n - a scroll of fog
 u - 2 scrolls of immolation
 v - a scroll of silence {unknown}
 B - a scroll of blinking {unknown}
 D - a scroll of brand weapon
 E - a scroll of fear {unknown}
Potions
 o - 4 potions of curing
 s - a potion of degeneration
 z - a potion of lignification


   Skills:
 - Level 2.0 Fighting
 + Level 11.6 Long Blades
 - Level 1.7 Throwing
 - Level 2.6 Dodging
 - Level 1.8 Shields


You had 8 spell levels left.
You didn't know any spells.
Your spell library contained the following spells:

 Spells                   Type           Power      Damage    Failure   Level
 Pain                     Necr           0%         1d4       100%        1
 Gell's Gravitas          Tloc           0%         N/A       100%        3
 Lesser Beckoning         Tloc           0%         N/A       100%        3
 Teleport Other           Tloc           0%         N/A       100%        3
 Agony                    Necr           0%         N/A       100%        5
 Excruciating Wounds      Necr           0%         N/A       100%        5
 Iskenderun's Battlesphe  Conj           0%         2d6       100%        5
 Iron Shot                Conj/Erth      0%         9d1       100%        6
 Spellforged Servitor     Conj/Summ      0%         N/A       100%        7


Dungeon Overview and Level Annotations

Branches:
Dungeon (6/15)             Temple (0/1) D:6

Altars:
Hepliaklqana
Sif Muna
Uskayaw
Wu Jian
Yredelemnul

Shops:
D:2 [(=

Annotations:
D:5 1 runed translucent door


Innate Abilities, Weirdness & Mutations

You have large cloven feet.
You are partially covered in yellow scales. (AC +2)
A meltable icy envelope protects you from harm. (AC +8)
A meltable shield of frost defends you. (SH +4)


Message History

The five-headed hydra bites you but does no damage. x4
You thump the five-headed hydra!
The five-headed hydra is heavily wounded.
The five-headed hydra bites you but does no damage. x3
You block the five-headed hydra's attack.
The five-headed hydra bites you but does no damage.
You sock the five-headed hydra!
The five-headed hydra is heavily wounded.
The five-headed hydra closely misses you.
You block the five-headed hydra's attack.
The five-headed hydra bites you but does no damage.
You block the five-headed hydra's attack.
The five-headed hydra bites you but does no damage.
You sock the five-headed hydra!
The five-headed hydra is severely wounded.
The five-headed hydra bites you but does no damage. x3
You block the five-headed hydra's attack. x2
The five-headed hydra bites you but does no damage.
The five-headed hydra bites you!
* * * LOW HITPOINT WARNING * * *
The five-headed hydra bites you but does no damage. x2
The five-headed hydra bites you.
* * * LOW HITPOINT WARNING * * *
You sock the five-headed hydra!
The five-headed hydra is severely wounded.
The five-headed hydra bites you but does no damage.
The five-headed hydra bites you.
* * * LOW HITPOINT WARNING * * *
The five-headed hydra barely misses you.
You block the five-headed hydra's attack.
The five-headed hydra bites you but does no damage.
You hit the five-headed hydra.
The five-headed hydra is severely wounded.
The five-headed hydra barely misses you.
The five-headed hydra bites you.
* * * LOW HITPOINT WARNING * * *
The five-headed hydra barely misses you. x2
The five-headed hydra bites you but does no damage. x2
The five-headed hydra bites you!
You die...

#######.##...D...#
#.##.#####.#
#.##.# #.# #.##.#
#D# #.##D# #.#
#.##.# #.###
#.##.# #...#
#D##.#######.#
#.##.....D@#.#
#.##########.#
#........D...#
##############


You could see a five-headed hydra.

Vanquished Creatures
  Sigmund (D:4)
  Duvessa (D:5)
  An orc warrior (D:5)
  A black bear (D:4)
  An ice beast (D:5)
  6 ogres
  2 necrophages
  A phantom (D:3)
  A bullfrog (D:4)
  4 scorpions
  2 water moccasin skeletons (D:5)
  Dowan (D:5)
  A centaur zombie (D:5)
  A centaur skeleton (D:6)
  Crazy Yiuf (D:5)
  A gnoll shaman (D:6)
  A hound (D:6)
  A bullfrog skeleton (D:4)
  6 iguanas
  4 orc wizards
  A killer bee zombie (D:6)
  3 hound skeletons (D:4)
  5 gnolls
  8 adders
  A howler monkey skeleton (D:6)
  A shadow imp (D:6)
  2 worms (D:2)
  A dart slug (D:2)
  21 orcs
  5 endoplasms
  5 giant cockroaches
  11 goblins
  6 hobgoblins
  4 jackals
  9 kobolds
  A quokka (D:5)
  12 ball pythons
  6 bats
  2 frilled lizards (D:1)
  A jackal skeleton (D:5)
  A kobold zombie (D:5)
  7 rats
  A spectral goblin (D:4)
152 creatures vanquished.

Vanquished Creatures (others)
  2 fungi (D:2)
  10 plants (D:2)
12 creatures vanquished.

Grand Total: 164 creatures vanquished

Notes
Turn   | Place    | Note
-------+----------+-------------------------------------------
     0 | D:1      | nickcage the Demonspawn Gladiator began the quest for the
                  | Orb.
     0 | D:1      | Reached XP level 1. HP: 16/16 MP: 1/1
   143 | D:1      | Reached skill level 3 in Long Blades
   268 | D:1      | Gained mutation: A meltable shield of frost defends you.
                  | (SH +4) [demonic ancestry]
   268 | D:1      | Reached XP level 2. HP: 21/22 MP: 2/2
   541 | D:2      | Found Qogeh's Jewellery Shoppe.
   678 | D:2      | Found a faded altar of an unknown god.
   803 | D:2      | Found Pycrecw's Armour Shop.
   813 | D:2      | Bought a +0 cloak for 49 gold pieces
   813 | D:2      | Bought a +0 pair of boots for 49 gold pieces
  1046 | D:2      | Reached XP level 3. HP: 23/27 MP: 3/3
  1055 | D:2      | Reached skill level 4 in Long Blades
  1448 | D:2      | Found Ninong Juygu's Antique Weapon Shoppe.
  2076 | D:3      | Reached XP level 4. HP: 33/33 MP: 4/4
  2096 | D:3      | Reached skill level 5 in Long Blades
  2276 | D:3      | Gained mutation: You are partially covered in yellow
                  | scales. (AC +2) [demonic ancestry]
  2276 | D:3      | Reached XP level 5. HP: 31/38 MP: 5/5
  2635 | D:4      | Noticed Sigmund
  2715 | D:4      | Noticed a +0 falchion
  2716 | D:4      | Noticed a +0 dagger
  2716 | D:4      | Noticed a +0 falchion
  2716 | D:4      | Noticed a +0 short sword
  2716 | D:4      | Noticed a +0 short sword
  2716 | D:4      | Noticed a +0 dagger
  2718 | D:4      | Noticed a +0 spear
  2844 | D:4      | Noticed an ogre
  2847 | D:4      | Noticed a phantom
  2859 | D:4      | Noticed an ogre
  2916 | D:3      | Killed a phantom
  2917 | D:3      | Reached skill level 6 in Long Blades
  2917 | D:3      | Reached skill level 1 in Shields
  2917 | D:3      | Gained mutation: A meltable icy envelope protects you from
                  | harm. (AC +8) [demonic ancestry]
  2917 | D:3      | Reached XP level 6. HP: 36/44 MP: 6/6
  3374 | D:4      | Reached skill level 7 in Long Blades
  3483 | D:4      | Found a hazy altar of Hepliaklqana.
  3517 | D:4      | Reached XP level 7. HP: 31/50 MP: 7/7
  3553 | D:4      | You are sucked into a shaft and drop 1 floor!
  3553 | D:5      | Entered Level 5 of the Dungeon
  3553 | D:5      | Noticed Duvessa
  3553 | D:5      | Found a shimmering blue altar of Sif Muna.
  3692 | D:4      | Reached skill level 8 in Long Blades
  4066 | D:4      | Found an ornate altar of the Wu Jian Council.
  4195 | D:4      | Killed Sigmund
  4196 | D:4      | Gained mutation: A meltable icy envelope protects you from
                  | harm. (AC +8) [demonic ancestry]
  4196 | D:4      | Reached XP level 8. HP: 26/56 MP: 8/8
  4205 | D:4      | Became a worshipper of the Wu Jian Council
  4382 | D:4      | Noticed a +0 spear
  4400 | D:4      | Reached skill level 9 in Long Blades
  4547 | D:4      | Found a hide-covered altar of Uskayaw.
  4952 | D:5      | Found a runed translucent door.
  4953 | D:5      | Noticed Crazy Yiuf
  4957 | D:5      | Killed Crazy Yiuf
  5211 | D:5      | Noticed Dowan
  5223 | D:5      | Killed Duvessa
  5234 | D:5      | Reached skill level 10 in Long Blades
  5240 | D:5      | Killed Dowan
  5381 | D:5      | Found a runed translucent door.
  5383 | D:5      | Found a basalt altar of Yredelemnul.
  5475 | D:5      | Reached * piety under Wu Jian
  5631 | D:6      | Gained mutation: You have large cloven feet. [demonic
                  | ancestry]
  5631 | D:6      | Reached XP level 9. HP: 61/61 MP: 9/9
  5638 | D:6      | Reached skill level 11 in Long Blades
  5773 | D:6      | Found a staircase to the Ecumenical Temple.
  5891 | D:6      | Noticed a five-headed hydra
  6103 | D:2      | Bought a bloodstained mace for 184 gold pieces
  6103 | D:2      | Identified the +7 mace of the Vulture {spect, SInv} (You
                  | bought it in a shop on level 2 of the Dungeon)
  6179 | D:6      | HP: 2/61 [five-headed hydra (2)]
  6179 | D:6      | Mangled by a five-headed hydra

Illustrated notes

Levels and vault maps discovered:
D:1:      dpeg_arrival_long_road, layout_rooms, bh_walls_and_bars
D:2:      layout_loops_ring, shapermc_ecumenical_altar_mp_urbaneastern,
          serial_shops, shop, shop, nicolae_shop_behind_doors, minmay_tall_x
D:3:      layout_basic, minmay_starry_boxes
D:4:      minmay_clustersquares, layout_loops_cross, nicolae_uskayaw_en_pointe,
          old_standard_altar, nicolae_hepliaklqana_monster_ancestors,
          uniq_sigmund
D:5:      layout_rooms, dk_yredelemnul_ordeal,
          mainiacjoe_overflow_small_starburst, portal_sewer_entry_e,
          uniq_duvessa, uniq_crazy_yiuf_cottage
D:6:      layout_basic, kennysheep_mini_moat, minmay_temple_entry_water_ring,
          hangedman_decor_peaks_small, st_stairs_14, minmay_circle_x

Skill      XL: |  1  2  3  4  5  6  7  8  9 |
---------------+----------------------------+-----
Long Blades    | 3 4 5 6 7 8 10 11 | 11.6
Shields        | 1 |  1.8
Fighting       | |  2.0
Throwing       | |  1.7
Dodging        | |  2.6

Action                   |  1- 3 |  4- 6 |  7- 9 || total
-------------------------+-------+-------+-------++-------
Melee: Long sword        |   118 |   167 |   305 ||   590
       Punch             |       |     2 |     4 ||     6
       Mace              |       |       |     8 ||     8
Throw: Dart              |       |     5 |       ||     5
Invok: Lunge             |       |       |    16 ||    16
       Whirlwind         |       |       |     3 ||     3
  Use: Scroll            |       |       |     9 ||     9
       Potion            |       |       |     1 ||     1
 Stab: Sleeping          |     1 |     1 |       ||     2
       Distracted        |       |       |     1 ||     1
Armor: Leather armour    |    45 |    43 |    30 ||   118
       Chain mail        |       |       |    98 ||    98
       Plate armour      |       |       |    77 ||    77
Dodge: Dodged            |    83 |    95 |   115 ||   293
Block: Other             |    14 |    34 |    50 ||    98
